 Dungeon Crawl Stone Soup version 0.32-a0-996-gb3226c233f (webtiles) character file.

Game seed: 4953986563850265670

164 GiantSquids the Ruffian (level 5, -2/36 HPs)
             Began as an Octopode Berserker on Apr 24, 2024.
             Was a Believer of Trog.
             Killed from afar by a steam dragon (24 damage)
             ... with a ball of steam
             ... on level 4 of the Dungeon.
             The game lasted 00:04:53 (2244 turns).

GiantSquids the Ruffian (Octopode Berserker)        Turns: 2244, Time: 00:04:54

Health: -2/36      AC:  1    Str: 18    XL:     5   Next: 45%
Magic:  5/5        EV: 12    Int: 10    God:    Trog [**....]
Gold:   134        SH:  0    Dex: 11    Spells: 4/4 levels left

rFire   . .          .
                       - Unarmed
rCold   . . .        (no shield)
rNeg    . . .        (helmet restricted)
rPois   .            (no amulet)
rElec   .            k - ring of willpower
rCorr   .            (no ring)
SInv    .            (no ring)
Will    +....        (no ring)
Stlth   +++          (no ring)
HPRegen 0.26/turn    (no ring)
MPRegen 0.09/turn    (no ring)
                     (no ring)

%: no passive effects
@: no status effects
A: almost no armour, amphibious, 8 rings, camouflage 1, gelatinous body 1,
(nimble swimmer 1), tentacles
a: Renounce Religion, Berserk, Trog's Hand


You were on level 4 of the Dungeon.
You worshipped Trog.
Trog was pleased with you.
You visited 1 branch of the dungeon, and saw 4 of its levels.

You collected 134 gold pieces.

Inventory:

Missiles
 n - a throwing net (quivered)
Jewellery
 k - a ring of willpower (left tentacle)
Talismans
 m - a blade talisman
Scrolls
 a - a scroll of teleportation {unknown}
 b - 2 scrolls of noise {unknown}
 d - 2 scrolls of identify {unknown}
 f - a scroll of blinking {unknown}
 g - a scroll of amnesia {unknown}
 i - a scroll of fear {unknown}
 l - a scroll of immolation {unknown}
 o - a scroll of enchant weapon {unknown}
Potions
 c - a potion of ambrosia {unknown}
 e - a potion of attraction {unknown}
 h - 2 potions of curing {unknown}
 j - 2 potions of lignification {unknown}
 p - a potion of invisibility {unknown}
 q - a potion of brilliance {unknown}


   Skills:
 - Level 3.0 Fighting
 - Level 3.0 Dodging
 - Level 3.5 Stealth
 * Level 5.0 Unarmed Combat
 + Level 1.1 Shapeshifting


You had 4 spell levels left.
You didn't know any spells.
Your spell library was empty.

Dungeon Overview and Level Annotations

Branches:
Dungeon (4/15)
 Temple: D:4-7

Altars:
Trog
Vehumet


Innate Abilities, Weirdness & Mutations

You cannot wear most types of armour.
You are amphibious.
You can wear up to eight rings at the same time.
Your skin changes colour to match your surroundings (Stealth+).
Your rubbery body absorbs attacks. (AC +1, EV +1)
((You are camouflaged when in or above water. (Stealth+)))
You have tentacles for arms and can constrict up to eight enemies at once.


Message History

You constrict the orc priest.
The orc priest calls down the wrath of Beogh upon you.
You resist with some effort.
You tentacle-slap the orc priest.
The orc priest is severely wounded.
You constrict the orc priest. The orc priest misses you.
You tentacle-slap the orc priest.
You kill the orc priest!
Trog accepts your kill.
Your Unarmed Combat skill increases to level 5!
Your Shapeshifting skill increases to level 1!
Things that are here:
a +0 short sword; a +0 short sword; an orc corpse Done exploring.
Things that are here:
a +0 club; an orc corpse
There is a stone staircase leading down here.
You climb downwards.
Found a stone staircase leading down.
There is a stone staircase leading up here.
A kobold comes into view.
It is wielding a +0 club and quivering poisoned darts.
A kobold is nearby!
A steam dragon comes into view.
The helpless kobold fails to defend itself.
You bludgeon the kobold!
You kill the kobold!
Trog accepts your kill.
The helpless steam dragon fails to defend itself.
You tentacle-slap the steam dragon. Your squeeze misses the steam dragon.
The steam dragon is lightly wounded.
You barely miss the steam dragon. You squeeze the steam dragon!
The steam dragon is moderately wounded.
The steam dragon bites you! The steam dragon claws you.
You tentacle-slap the steam dragon but do no damage.
Your squeeze misses the steam dragon.
The steam dragon is moderately wounded.
The steam dragon breathes steam at you. The ball of steam hits you!!
Ouch! That really hurt!
You die...

....####.............
....#.###........###.
......#...#.......#
.........##.........
........###..........
........##..##.##.##.
...........########
.....#....##.#..#
.....#####@.#..# #...
#...D##.)# ##.....#..
#### #... ##. ##


You could see a steam dragon (catching breath).

Vanquished Creatures
  An orc priest (D:3)
  4 gnolls (D:3)
  3 adders
  2 ribbon worms
  A dart slug (D:2)
  2 orcs (D:3)
  3 bats
  8 endoplasms
  3 giant cockroaches
  3 goblins
  3 hobgoblins (D:1)
  3 jackals (D:1)
  8 kobolds
  3 quokkas
  3 ball pythons
  6 frilled lizards
  4 rats
60 creatures vanquished.

Notes
Turn   | Place    | Note
-------+----------+-------------------------------------------
     0 | D:1      | GiantSquids the Octopode Berserker began the quest for the
                  | Orb.
     0 | D:1      | Reached XP level 1. HP: 16/16 MP: 1/1
   113 | D:1      | Reached skill level 1 in Stealth
   129 | D:1      | Reached XP level 2. HP: 21/21 MP: 2/2
   419 | D:1      | Reached XP level 3. HP: 20/26 MP: 3/3
   551 | D:1      | Reached ** piety under Trog
   625 | D:1      | Reached skill level 4 in Unarmed Combat
  1099 | D:2      | Reached XP level 4. HP: 28/31 MP: 4/4
  1396 | D:3      | Found a radiant altar of Vehumet.
  1450 | D:3      | Found a bloodstained altar of Trog.
  1662 | D:3      | Found a faded altar of an unknown god.
  1670 | D:3      | Reached XP level 5. HP: 25/36 MP: 5/5
  2210 | D:3      | Reached skill level 5 in Unarmed Combat
  2210 | D:3      | Reached skill level 1 in Shapeshifting
  2236 | D:4      | Noticed a steam dragon
  2244 | D:4      | Killed from afar by a steam dragon

Illustrated notes

Levels and vault maps discovered:
D:1:      reono_arrival_forest_river, layout_basic
D:2:      layout_loops_ring
D:3:      layout_loops_ring, mainiacjoe_overflow_large_starburst,
          shapermc_ecumenical_altar_totnotflames, eino_tiny_chamber
D:4:      layout_cave_pools, minmay_manual_macuahuitl

Skill      XL: |  1  2  3  4  5 |
---------------+----------------+-----
Stealth        | 1 2 3 |  3.5
Unarmed Combat | 4 5 |  5.0
Shapeshifting  | 1 |  1.1
Fighting       | |  3.0
Dodging        | |  3.0

Action                     |  1- 3 |  4- 6 || total
---------------------------+-------+-------++-------
  Melee: Unarmed           |    63 |    39 ||   102
         Tentacles         |    15 |     7 ||    22
         Constrict         |    10 |     7 ||    17
         Punch             |       |     1 ||     1
   Stab: Sleeping          |     5 |     7 ||    12
 Armour: Skin              |    27 |    17 ||    44
  Dodge: Dodged            |    25 |     8 ||    33

Table legend: (Time is in decaauts)
 A = Elapsed time spent in this place.
 B = Non-inter-level travel time spent in this place.
 C = Inter-level travel time spent in this place.
 D = Time resting spent in this place.
 E = Time spent auto-exploring this place.
 F = Levels seen in this place.
 G = Mean time per level.
                   A        B        C        D        E       F      G
               +--------+--------+--------+--------+--------+-----+--------+
         Total |   2235 |   2142 |     93 |      0 |   1739 |   4 |  558.8 |
       Dungeon |   2235 |   2142 |     93 |      0 |   1739 |   4 |  558.8 |
               +--------+--------+--------+--------+--------+-----+--------+

Top non-repeatable levels by time:
     D:3: 927 daAuts
     D:1: 716 daAuts
     D:2: 571 daAuts
     D:4: 20 daAuts
